Description

Pretty much a straight up copy of this: https://lotv.spawningtool.com/54042/

The original has an extra Orbital Command at 4:18 which I removed since it was bugging out the order.

Build Order

Get SALT Encoding   

  12  0:00  SCV  
  13  0:12  SCV  
  14  0:17  Supply Depot  
  14  0:24  SCV  
  15  0:39  SCV  
  15  0:40  Barracks  
  16  0:43  Refinery  FIRST REFINERY
  16  0:51  SCV  
  17  1:03  SCV  
  18  1:15  SCV  
  19  1:27  Orbital Command, Reaper  
  20  1:38  Command Center  SECOND CC
  20  1:48  Supply Depot  
  20  1:53  SCV  
  21  1:59  Marine  
  22  2:05  SCV  
  23  2:12  Factory  
  23  2:17  SCV  
  23  2:21  Barracks Reactor  
  25  2:36  Command Center  THIRD CC
  26  2:50  Orbital Command  
  27  3:02  Hellion x2  
  27  3:05  Barracks Tech Lab  
  31  3:12  Barracks  
  34  3:24  Stimpack  
  34  3:27  Hellion x2  
  34  3:31  Marine  
  41  3:36  Refinery  SECOND REFINERY
  43  3:49  Marine  
  43  3:50  Orbital Command  
  46  4:07  Marine x3  
  51  4:10  Factory Reactor  
  51  4:11  Starport  
  51  4:16  Supply Depot  
  53  4:22  Refinery  THIRD REFINERY
  53  4:24  Marine x3  
  57  4:36  Supply Depot  
  58  4:39  Refinery  FOURTH REFINERY
  58  4:41  Supply Depot  
  58  4:42  Marine  
  65  4:54  Medivac x2  
  65  4:55  Factory Tech Lab  
  71  5:00  Engineering Bay x2  
  71  5:06  Combat Shield  
  80  5:28  Siege Tank  
  86  5:30  Barracks  
  86  5:32  Terran Infantry Weapons Level 1  
  86  5:35  Terran Infantry Armor Level 1  
  92  6:06  Medivac x2  
  104  6:26  Barracks Reactor  
  104  6:27  Siege Tank, Barracks x2  
  113  6:42  Armory  
  114  6:48  Medivac  
  114  6:52  Refinery  FIFTH REFINERY
  117  7:01  Medivac  
  117  7:06  Factory, Command Center  FOURTH CC
  126  7:19  Barracks Reactor x2  
  113  7:35  Widow Mine  
  113  7:36  Terran Infantry Weapons Level 2, Terran Infantry Armor Level 2  
  107  7:49  Drilling Claws  
  114  7:51  Factory Reactor  
  116  8:00  Missile Turret  
  116  8:02  Widow Mine  
  124  8:14  Barracks x3  
  124  8:19  Medivac x2  
  129  8:26  Marauder  
  130  8:33  Widow Mine x3  
  135  8:36  Terran Vehicle And Ship Armor Level 1  
  138  8:47  Sensor Tower, Marauder  
  143  8:50  Planetary Fortress  
  138  8:56  Widow Mine x2  
  145  9:03  Widow Mine  
  145  9:09  Marauder  
  151  9:11  Barracks Tech Lab x3  
  154  9:18  Widow Mine  
  155  9:27  Medivac x2  
  155  9:29  Refinery x2  
  155  9:30  Marauder x4  
  164  9:32  Command Center  
  170  9:52  Marauder x2  
  178  9:54  Terran Infantry Weapons Level 3  
  178  9:56  Barracks x2  
  178  9:59  Terran Infantry Armor Level 3  
Spawning Tool Build Advisor. Get it on Overwolf

Go to:

Details

  • Created by: Luye
  • Published on: Jan 23, 2020
  • Modified on: Jan 24, 2020
  • Patch: 4.11.0
Show
View Real Time Build Order
Export as new Build Order

Comments (0)

There are no comments. Be the first!

Create an account to comment!